 Dungeon Crawl Stone Soup version 0.31.0-12-g77e489cdc1 (webtiles) character file.

Game seed: 3695039566519745466

106 Gadfly the Covered (level 4, -6/29 HPs)
             Began as a Gargoyle Fighter on Mar 8, 2024.
             Killed from afar by an orc wizard (7 damage)
             ... with a puff of flame
             ... on level 4 of the Dungeon.
             The game lasted 00:03:26 (2825 turns).

Gadfly the Covered (Gargoyle Fighter)               Turns: 2825, Time: 00:03:27

Health: -6/29      AC: 15    Str: 24    XL:     4   Next: 84%
Magic:  5/5        EV:  9    Int:  7    God:
Gold:   126        SH:  4    Dex: 10    Spells: 3/3 levels left

rFire   . . .        a - +0 flail
rCold   . . .        c - +0 buckler
rNeg    + . .        b - +0 scale mail
rPois   ∞            j - +2 helmet
rElec   +            (no cloak)
rCorr   .            m - +1 Delatra's gloves {ID++}
SInv    .            (no boots)
Will    .....        (no amulet)
Stlth   +            (no ring)
HPRegen 0.24/turn    (no ring)
MPRegen 0.09/turn

%: no passive effects
@: no status effects
A: sickness immunity, AC +3, negative energy resistance 1, electricity
resistance, torment resistance 1, petrification resistance, camouflage 1, strong
1
a: no special abilities


You were on level 4 of the Dungeon.
You visited 1 branch of the dungeon, and saw 4 of its levels.

You collected 126 gold pieces.

Inventory:

Hand Weapons
 a - a +0 flail (weapon)
Armour
 b - a +0 scale mail (worn)
 c - a +0 buckler (worn)
 j - a +2 helmet (worn)
 k - a +0 tower shield
 m - the +1 Delatra's gloves (worn) {ID++}
   (You found it on level 3 of the Dungeon)

   ID++:      It heals its wearer when they drink unknown potions, and restores
   their MP when they read unknown scrolls.
Wands
 f - a wand of mindburst (5)
Scrolls
 i - a scroll of fog
Potions
 d - a potion of might
 e - 2 potions of curing
 g - a potion of attraction
 h - a potion of enlightenment
 l - a potion of mutation


   Skills:
 + Level 3.7 Fighting
 * Level 2.7 Maces & Flails
 + Level 3.7 Armour
 + Level 3.6 Shields
 * Level 2.0 Invocations
 * Level 1.5 Evocations


You had 3 spell levels left.
You didn't know any spells.
Your spell library contained the following spells:

 Spells                   Type           Power      Damage    Failure   Level
 Dazzling Flash           Conj/Hex       0%         N/A       99%         3
 Mephitic Cloud           Conj/Alch/Air  0%         N/A       99%         3
 Curse of Agony           Necr           0%         N/A       100%        5
 Silence                  Hex/Air        0%         N/A       100%        5


Dungeon Overview and Level Annotations

Branches:
Dungeon (4/15)
 Temple: D:4-7

Altars:
Makhleb
Ru
Uskayaw

Shops:
D:4 =


Innate Abilities, Weirdness & Mutations

You are immune to sickness and miasma.
Your stone body is resilient. (AC +3)
You are immune to poison.
You resist negative energy. (rN+)
You are resistant to electric shocks. (rElec)
You are resistant to unholy torment.
You are immune to petrification.
Your skin changes colour to match your surroundings (Stealth+).
Your muscles are strong. (Str +4, Int/Dex -1)


Message History

You hear some strange, mumbled words.
A magic dart appears from out of thin air!
The magic dart hits you.
You bump into the rock wall.
You feel less confused.
You hear some strange, mumbled words.
A magic dart appears from out of thin air!
The magic dart hits you.
You completely miss something.
You hear some strange, mumbled words.
A puff of flame appears from out of thin air!
The puff of flame hits you but does no damage.
You closely miss something. Something hits you but does no damage.
Something hits you.
You hit something but do no damage.
You hear some strange, mumbled words.
A puff of flame appears from out of thin air!
The puff of flame hits you. Something hits you.
You closely miss something.
Something hits you but does no damage. x2
You closely miss something. Something hits you. x2
Something hits you but does no damage. x2
You closely miss something. You block something's attack.
You hear some strange, mumbled words.
Something tries to affect you, but you resist.
You closely miss something. Something hits you.
Something hits you but does no damage.
You hit something.
An orc wizard appears from thin air!
Reactivating autopickup.
Something hits you.
Deactivating autopickup; reactivate with Ctrl-A.
The orc wizard hits you with a +0 dagger.
* * * LOW HITPOINT WARNING * * *
You hit something. Something hits you.
* * * LOW HITPOINT WARNING * * *
The orc wizard hits you with a +0 dagger.
* * * LOW HITPOINT WARNING * * *
Something hits you but does no damage. The orc wizard casts a spell at you.
The puff of flame hits you!
You die...

....... . ......
#### .. #...#
..## .#
#..####..##..#.
#....##........
#..............
##.....<...##..
###...###.#.#...#
#@{o.## ........#
#o##.# .###.###.#
#..#....# .# .
#.....o### .
....###.# ##
...#. #.# #.<...
#.. #... ## ##.
...∩ .


You could see an orc wizard and an orc.

Vanquished Creatures
  An orc wizard (D:3)
  3 adders (D:2)
  2 dart slugs (D:2)
  4 orcs
  6 ball pythons
  5 bats
  3 endoplasms (D:3)
  A giant cockroach (D:3)
  6 hobgoblins
  A quokka (D:1)
  4 frilled lizards
  5 goblins
  5 kobolds
  2 rats (D:2)
48 creatures vanquished.

Notes
Turn   | Place    | Note
-------+----------+-------------------------------------------
     0 | D:1      | Gadfly the Gargoyle Fighter began the quest for the Orb.
     0 | D:1      | Reached XP level 1. HP: 14/14 MP: 1/1
   533 | D:1      | Reached XP level 2. HP: 11/19 MP: 2/2
   831 | D:1      | Gained mutation: Your muscles are strong. (Str +4, Int/Dex
                  | -1) [potion of mutation]
   831 | D:1      | Gained mutation: Your skin changes colour to match your
                  | surroundings (Stealth+). [potion of mutation]
   927 | D:2      | Reached skill level 1 in Invocations
  1090 | D:2      | Reached skill level 1 in Evocations
  1090 | D:2      | Reached XP level 3. HP: 21/23 MP: 3/3
  1518 | D:2      | Reached XP level 4. HP: 24/28 MP: 5/5
  1942 | D:3      | Found a hide-covered altar of Uskayaw.
  1942 | D:3      | Noticed a +0 dagger
  1942 | D:3      | Noticed a +0 short sword
  1942 | D:3      | Noticed a +0 spear
  1943 | D:3      | Noticed a +0 falchion
  1944 | D:3      | Noticed a +0 spear
  1944 | D:3      | Noticed a +0 falchion
  1944 | D:3      | Noticed a +0 short sword
  1946 | D:3      | Noticed a +0 dagger
  2018 | D:3      | Found a sacrificial altar of Ru.
  2276 | D:3      | Found a burning altar of Makhleb.
  2388 | D:3      | Found the +1 Delatra's gloves {ID++}
  2447 | D:3      | HP: 1/28 [something/puff of flame (6)]
  2456 | D:3      | HP: 1/28 [something (1)]
  2808 | D:4      | Found Qynoesses's Jewellery Boutique.
  2825 | D:4      | HP: 1/29 [orc wizard/+0 dagger (2)]
  2825 | D:4      | Killed from afar by an orc wizard

Illustrated notes

Levels and vault maps discovered:
D:1:      dpeg_arrival_round_c, layout_loops_corners
D:2:      layout_basic
D:3:      layout_loops_ring, lemuel_crystal_altar, nicolae_uskayaw_en_pointe,
          lemuel_coloured_pillars_altar, serial_bayou_pond_c,
          pf_guarded_unrand_delatra
D:4:      layout_rooms, nicolae_wu_jian_glorious_leap, serial_shops,
          shop_fountains, shop, shop, kennysheep_mini_moat,
          nicolae_stop_n_shop_2, serial_glass, glass_columns_a, glass_columns_b

Skill      XL: |  1  2  3  4 |
---------------+-------------+-----
Invocations    | 1 2 |  2.0
Evocations     | 1 |  1.5
Fighting       | |  3.7
Maces & Flails | |  2.7
Armour         | |  3.7
Shields        | |  3.6

Action                     |  1- 3 |  4- 6 || total
---------------------------+-------+-------++-------
  Melee: Flail             |   122 |    99 ||   221
    Use: Potion            |     2 |     1 ||     3
         Scroll            |     3 |     4 ||     7
 Armour: Scale mail        |    90 |   117 ||   207
  Dodge: Dodged            |    74 |    23 ||    97
  Block: Buckler           |    29 |     7 ||    36
